 Dungeon Crawl Stone Soup version 0.30.0-29-ga12c61a403 (webtiles) character file.

Game seed: 11629993098427007729

12 BONEBRO the Caller (level 2, -1/19 HPs)
             Began as a Merfolk Summoner on June 22, 2023.
             Slain by a hobgoblin (4 damage)
             ... on level 1 of the Dungeon.
             The game lasted 00:02:04 (443 turns).

BONEBRO the Caller (Merfolk Summoner)                Turns: 443, Time: 00:02:05

Health: -1/19      AC:  2    Str:  8    XL:     2   Next: 33%
Magic:  5/5        EV: 12    Int: 14    God:
Gold:   12         SH:  0    Dex: 14    Spells: 4/5 levels left

rFire   . . .        g - +0 club
rCold   . . .        (no shield)
rNeg    . . .        a - +0 robe
rPois   .            (no helmet)
rElec   .            (no cloak)
rCorr   .            (no gloves)
SInv    .            (no boots)
Will    .....        (no amulet)
Stlth   ++           (no ring)
HPRegen 0.23/turn    (no ring)
MPRegen 0.09/turn

%: no passive effects
@: no status effects
A: (nimble swimmer 2), mertail
a: no special abilities


You were on level 1 of the Dungeon.
You visited 1 branch of the dungeon, and saw 1 of its levels.

You collected 12 gold pieces.

Inventory:

Hand Weapons
 g - a +0 club (weapon)
Armour
 a - a +0 robe (worn)
 d - a +0 buckler
Jewellery
 c - a ring of protection from cold
Scrolls
 f - a scroll of identify {unknown}
Potions
 b - a potion of magic
 e - 2 potions of curing {unknown}
 h - a potion of lignification {unknown}


   Skills:
 - Level 2.6 Dodging
 - Level 2.1 Stealth
 - Level 2.0 Spellcasting
 + Level 4.5 Summonings


You had 4 spell levels left.
You knew the following spells:

 Your Spells              Type           Power      Damage    Failure   Level
a - Summon Small Mammal   Summ           56%        N/A       3%          1

Your spell library contained the following spells:

 Spells                   Type           Power      Damage    Failure   Level
 Call Imp                 Summ           28%        N/A       5%          2
 Call Canine Familiar     Summ           14%        N/A       11%         3
 Slow                     Hex            4%         N/A       24%         1
 Summon Guardian Golem    Hex/Summ       7%         N/A       28%         3
 Confusing Touch          Hex            1%         N/A       56%         3
 Vampiric Draining        Necr           1%         2d6       56%         3
 Summon Lightning Spire   Summ/Air       7%         N/A       67%         4


Dungeon Overview and Level Annotations

Branches:
Dungeon (1/15)

Altars:


Innate Abilities, Weirdness & Mutations

((You are very nimble when in or above water. (Stealth+, EV+, Speed+++)))
Your lower body shifts to a powerful aquatic tail in water.


Message History

Your bat hits the kobold but does no damage.
The kobold throws a stone.
The stone hits you. The kobold closely misses your bat.
Your bat hits the kobold but does no damage.
Your bat closely misses the kobold.
You closely miss the kobold.
The kobold is heavily wounded.
Your bat barely misses the kobold.
Your bat hits the kobold but does no damage.
Your bat hits the kobold. The kobold closely misses your bat.
Your bat closely misses the kobold.
You closely miss the kobold.
The kobold is severely wounded.
Your bat hits the kobold but does no damage.
The kobold barely misses you. The kobold misses you.
You completely miss the kobold.
The kobold is severely wounded.
Your bat barely misses the kobold.
Your bat hits the kobold but does no damage.
The kobold hits you with a +0 club.
You hit the kobold.
You kill the kobold!
Your bat hits the hobgoblin but does no damage.
You are too injured to fight recklessly!
You hit the hobgoblin but do no damage. Your bat hits the hobgoblin.
The hobgoblin barely misses you.
You hit the hobgoblin but do no damage.
The hobgoblin is moderately wounded.
Your bat hits the hobgoblin but does no damage.
The hobgoblin hits you.
* * * LOW HITPOINT WARNING * * *
The hobgoblin barely misses you.
You hit the hobgoblin.
The hobgoblin is severely wounded.
Your bat barely misses the hobgoblin.
The hobgoblin misses you.
You barely miss the hobgoblin.
The hobgoblin is severely wounded.
Your bat disappears in a puff of smoke!
The hobgoblin hits you.
You die...

##### #...# #.#.######
#.#......# #.######.#
###### #..# #.# #.....
##♣#♣.♣#♣ #.# #.....
#>......# #.######
#.....#######@♣(..÷.♣
#.......
#...........g.§.....#
#######.
#.....#######.♣.....♣####
#.. #..... #...[.......#
#.P #..... ##♣#♣#♣.♣##.#
##.. #....g
#.#.###.##.###.♣. ####.#
#.#..##.##......♣ #.
#.#..##.######P.♣ #.
#...........###P.


You could see a hobgoblin.

Vanquished Creatures
  A giant cockroach (D:1)
  A kobold (D:1)
  A quokka (D:1)
  A ball python (D:1)
  A bat (D:1)
  A rat (D:1)
6 creatures vanquished.

Vanquished Creatures (collateral kills)
  A dart slug (D:1)
  A giant cockroach (D:1)
  A goblin (D:1)
  A frilled lizard (D:1)
4 creatures vanquished.

Grand Total: 10 creatures vanquished

Notes
Turn   | Place    | Note
-------+----------+-------------------------------------------
     0 | D:1      | BONEBRO the Merfolk Summoner began the quest for the Orb.
     0 | D:1      | Reached XP level 1. HP: 13/13 MP: 3/3
   308 | D:1      | Reached XP level 2. HP: 19/19 MP: 3/5
   443 | D:1      | Slain by a hobgoblin

Illustrated notes

Levels and vault maps discovered:
D:1:      minmay_arrival_semitransparent, layout_basic, serial_forest,
          infiniplex_forest_lined_3, infiniplex_forest_straight_3,
          infiniplex_forest_end_2, infiniplex_forest_lined_4_way,
          infiniplex_forest_lined_room_2, infiniplex_forest_clump_small,
          infiniplex_forest_clump_diagonal

Action                     || total
---------------------------++-------
  Melee: Unarmed           ||    17
         Club              ||    21
   Cast: Summon Small Mamm ||     7
   Stab: Distracted        ||     2
 Armour: Robe              ||     4
  Dodge: Dodged            ||    26
